 Dungeon Crawl Stone Soup version 0.25.1-2-g60ff931df9 (webtiles) character file.

Game seed: 13836225605427366167

121 Drachen the Firebug (level 4, 0/33 HPs)
             Began as a Demigod Fire Elementalist on Oct 18, 2020.
             Slain by a gnoll
             ... wielding a +0 whip
              (6 damage)
             ... on level 1 of the Dungeon.
             The game lasted 00:05:33 (1783 turns).

Drachen the Firebug (Demigod Fire Elementalist)     Turns: 1783, Time: 00:05:33

Health: 0/33       AC:  2    Str: 11    XL:     4   Next: 48%
Magic:  5/10       EV: 12    Int: 21    God:
Gold:   71         SH:  4    Dex: 16    Spells: 7/8 levels left

rFire    . . .     SeeInvis .   k - +2 short sword (freeze)
rCold    + . .     Gourm    .   l - +0 buckler
rNeg     . . .     Faith    .   a - +0 robe
rPois    .         Spirit   .   (no helmet)
rElec    .         Reflect  .   (no cloak)
rCorr    .         Harm     .   (no gloves)
MR       .....                  (no boots)
Stlth    ++........             (no amulet)
HPRegen  0.11/turn              b - ring of protection from cold
MPRegen  0.12/turn              (no ring)

@: very slightly contaminated
A: high mp 1
a: no special abilities


You were on level 1 of the Dungeon.
You were not hungry.

You visited 1 branch of the dungeon, and saw 3 of its levels.

You collected 71 gold pieces.

Inventory:

Hand Weapons
 i - a +0 dagger
 k - a +2 short sword of freezing (weapon)
Missiles
 d - 7 poisoned darts (quivered)
Armour
 a - a +0 robe (worn)
 l - a +0 buckler (worn)
Jewellery
 b - a ring of protection from cold (left hand)
 n - an uncursed ring of poison resistance {unknown}
Scrolls
 e - 2 scrolls of identify
 f - 2 scrolls of magic mapping
 g - a scroll of blinking
 o - a scroll of enchant weapon {unknown}
Potions
 h - 2 potions of degeneration
 m - a potion of magic {unknown}
Comestibles
 c - 2 rations


   Skills:
 + Level 2.6 Dodging
 - Level 2.0 Stealth
 + Level 0.8 Shields
 + Level 2.5 Spellcasting
 + Level 2.0 Conjurations
 + Level 3.3 Fire Magic


You had 7 spell levels left.
You knew the following spells:

 Your Spells              Type           Power        Failure   Level  Hunger
a - Foxfire               Conj/Fire      ##..         7%          1    None

Your spell library contained the following spells:

 Spells                   Type           Power        Failure   Level  Hunger
 Conjure Flame            Conj/Fire      ##......     22%         3    ###....
 Inner Flame              Hex/Fire       #.......     32%         3    ###....
 Sticky Flame             Conj/Fire      ##......     56%         4    ####...
 Fireball                 Conj/Fire      ##........   89%         5    ######.


Dungeon Overview and Level Annotations

Branches:
Dungeon (3/15)


Innate Abilities, Weirdness & Mutations

You have an increased reservoir of magic. (+10% MP)


Message History

* * * LOW HITPOINT WARNING * * *
The foxfire hits the gnoll but does no damage.
The gnoll is moderately wounded.
The foxfire hits the gnoll.
The gnoll is heavily wounded.
The gnoll hits you but does no damage.
Casting: Foxfire (safe; 7% risk of failure)
Confirm with . or Enter, or press ? or * to list all spells.
You conjure some foxfire!
The gnoll barely misses you.
The foxfire hits the gnoll.
The gnoll is heavily wounded.
The foxfire hits the gnoll but does no damage.
The gnoll is heavily wounded.
The gnoll completely misses you.
Casting: Foxfire (safe; 7% risk of failure)
Confirm with . or Enter, or press ? or * to list all spells.
You miscast Foxfire.
You are very lightly contaminated with residual magic.
Nothing appears to happen.
The gnoll hits you with a +0 whip.
You die...

#....)....#.......#.#
#..##......
#.......###.........#
#.(........
#.........#.......###
##.##......
#.......#.#.......#
####.########
##.....##.#.......#
#.......# #
########.######### #.##.##.#
# #.# #.#..##.# #
##.###########.#.###.# ##
##.......§@g....#.###.# #.
##........§)####.>.....# #.
#..........)###....########.
##.....#.#.........# #....
##...#..####..##.######.##.
##.......#.#.#.......#.##.
##.....##.###.##......##.
###..#..#..#.##.##.#####
##.###.##..##....#


You could see a gnoll.

Vanquished Creatures
  A hound (D:3)
  3 adders (D:2)
  2 gnolls
  An ooze (D:1)
  A worm (D:2)
  A dart slug (D:1)
  A leopard gecko (D:2)
  7 bats
  7 goblins
  3 hobgoblins
  2 ball pythons
  3 frilled lizards
  2 kobolds (D:1)
  4 rats (D:1)
38 creatures vanquished.

Vanquished Creatures (others)
  105 foxfires
105 creatures vanquished.

Grand Total: 143 creatures vanquished

Notes
Turn   | Place    | Note
-------+----------+-------------------------------------------
     0 | D:1      | Drachen the Demigod Fire Elementalist began the quest for
                  | the Orb.
     0 | D:1      | Reached XP level 1. HP: 14/14 MP: 5/5
    22 | D:1      | Reached skill level 1 in Conjurations
   243 | D:1      | Reached XP level 2. HP: 20/20 MP: 2/7
   561 | D:1      | Reached skill level 3 in Fire Magic
  1070 | D:2      | Reached XP level 3. HP: 17/26 MP: 3/8
  1495 | D:3      | Reached XP level 4. HP: 16/33 MP: 5/10
  1783 | D:1      | Slain by a gnoll

Illustrated notes

Levels and vault maps discovered:
D:1:      erik_arrival_orb_chamber, layout_loops_cross, minmay_octomino_j4
D:2:      layout_rooms
D:3:      lemuel_upstairs_altar, layout_loops_ring

Skill      XL: |  1  2  3  4 |
---------------+-------------+-----
Conjurations   | 1 2 |  2.0
Dodging        | 2 |  2.6
Stealth        | 2 |  2.0
Spellcasting   | 2 |  2.5
Fire Magic     | 3 |  3.3
Shields        | |  0.8

Action                   |  1- 3 |  4- 6 || total
-------------------------+-------+-------++-------
Melee: Unarmed           |    22 |       ||    22
 Cast: Foxfire           |    54 |     8 ||    62
  Use: Scroll            |     3 |       ||     3
 Stab: Sleeping          |     1 |       ||     1
  Eat: Chunk             |     2 |     1 ||     3
Armor: Robe              |    20 |     2 ||    22
Dodge: Dodged            |    51 |    10 ||    61
Block: Buckler           |     2 |     6 ||     8
